 Dungeon Crawl Stone Soup version 0.30.1-4-g462c640d31 (webtiles) character file.

Game seed: 13472075316417891138

748 Zeor the Cudgeller (level 7, -22/44 HPs)
             Began as a Gargoyle Monk on Aug 25, 2023.
             Killed from afar by Dowan (24 damage)
             ... with a shard of ice
             ... on level 4 of the Dungeon.
             The game lasted 00:09:13 (3149 turns).

Zeor the Cudgeller (Gargoyle Monk)                  Turns: 3149, Time: 00:09:13

Health: -22/44     AC:  9    Str: 16    XL:     7   Next: 77%
Magic:  7/8        EV: 12    Int: 11    God:
Gold:   216        SH:  0    Dex: 15    Spells: 7/7 levels left

rFire   . . .        a - +1 mace (spect)
rCold   . . .        d - orb {light}
rNeg    + . .        s - +0 leather armour
rPois   ∞            (no helmet)
rElec   +            (no cloak)
rCorr   .            o - +0 pair of fencer's gloves {Riposte Dex+3}
SInv    .            (no boots)
Will    .....        (no amulet)
Stlth   +            g - ring of wizardry
HPRegen 0.27/turn    (no ring)
MPRegen 0.11/turn

%: wizardry (x1)
@: brilliant, glowing
A: sickness immunity, AC +4, negative energy resistance 1, electricity
resistance, torment resistance 1, petrification resistance
a: no special abilities


You were on level 4 of the Dungeon.
You visited 1 branch of the dungeon, and saw 4 of its levels.

You collected 216 gold pieces.

Inventory:

Hand Weapons
 a - a +1 spectral mace (weapon)
 k - a +1 dagger of holy wrath
Armour
 d - an orb of light (worn)
 o - the +0 pair of fencer's gloves (worn) {Riposte Dex+3}
   (You acquired it on level 4 of the Dungeon)

   Riposte:   It allows the wearer to riposte with melee weapons, swiftly
   retaliating against missed or blocked melee attacks.
   Dex:       It affects your dexterity (+3).
 s - a +0 leather armour (worn)
Jewellery
 g - a ring of wizardry (left hand)
Wands
 m - a wand of charming (11)
Scrolls
 b - a scroll of enchant armour
 h - a scroll of fog
 i - a scroll of blinking
 n - a scroll of brand weapon
 t - a scroll of teleportation
Potions
 c - 3 potions of curing
 e - a potion of magic
 f - a potion of cancellation
 j - a potion of ambrosia
 p - a potion of experience {unknown}


   Skills:
 + Level 4.5 Fighting
 * Level 7.1 Maces & Flails
 + Level 3.1 Armour
 + Level 3.1 Dodging
 + Level 1.1 Stealth
 * Level 0.7 Spellcasting


You had 7 spell levels left.
You didn't know any spells.
Your spell library contained the following spells:

 Spells                   Type           Power      Damage    Failure   Level
 Ozocubu's Armour         Ice            0%         N/A       41%         3
 Ozocubu's Refrigeration  Ice            0%         4d7       100%        7


Dungeon Overview and Level Annotations

Branches:
Dungeon (4/15)
 Temple: D:4-7

Altars:

Annotations:
D:4 Dowan


Innate Abilities, Weirdness & Mutations

You are immune to sickness and miasma.
Your stone body is resilient. (AC +4)
You are immune to poison.
You resist negative energy. (rN+)
You are resistant to electric shocks. (rElec)
You are resistant to unholy torment.
You are immune to petrification.


Message History

The bolt of dispelling energy hits your +1 spectral mace!
Your spectral weapon shares its damage with you!
Dowan hits Duvessa with a +0 dagger.
You hit Duvessa but do no damage.
Duvessa is almost dead.
Your +1 spectral mace hits Duvessa but does no damage.
Duvessa hits your +1 spectral mace with a +0 short sword.
Your spectral weapon shares its damage with you!
Dowan hits Duvessa with a +0 dagger.
You catch the helpless Duvessa completely off-guard!
You hit Duvessa but do no damage.
Duvessa is almost dead.
Your +1 spectral mace hits Duvessa but does no damage.
Duvessa zaps a wand.
The bolt of dispelling energy misses your +1 spectral mace.
Dowan casts a spell at Duvessa.
The puff of frost hits Duvessa!
Duvessa dies!
Dowan screams in horror.
Dowan seems to find hidden reserves of power!
Your Maces & Flails skill increases to level 7!
Unknown command.
Unknown command.
Really attack your ally Dowan?
You sock Dowan!
Dowan is no longer charmed.
Dowan is severely wounded.
Your +1 spectral mace hits Dowan.
Dowan gestures at you while chanting. The shard of ice hits you!
* * * LOW HITPOINT WARNING * * *
It was a potion of brilliance.
You feel clever all of a sudden.
Your +1 spectral mace disappears.
Dowan gestures at you while chanting. The shard of ice hits you!
* * * LOW HITPOINT WARNING * * *
Dowan casts a spell at you. The shard of ice hits you!!
Ouch! That really hurt!
You die...

▒▒∙∙∙∙∙∙∙∙∙∙∙∙∙▒
▒▒∙∙∙∙∙∙∙∙∙∙∙∙▒ ▒ ▒▒
▒▒∙∙∙∙∙∙∙∙∙∙▒▒ ▒ ▒▒∙▒
▒▒∙∙∙∙∙∙∙∙∙▒ ▒ ▒∙∙∙▒▒▒
▒▒∙∙∙∙∙∙∙▒▒ ▒▒
▒∙∙∙∙∙▒▒▒∙∙∙∙∙∙∙∙▒▒▒▒∙
▒∙∙∙∙∙∙∙∙∙▒▒▒∙∙∙∙∙∙▒▒∙
▒∙∙∙∙∙∙∙▒▒▒ ▒▒∙∙∙∙∙∙∙∙
▒∙∙∙∙9e∙∙▒ ▒▒▒▒▒▒∙∙∙
▒∙∙∙∙)∙∙∙∙▒ ▒▒▒∙∙
▒∙∙∙∙∙∙∙∙∙∙▒ ▒∙∙∙∙
▒∙∙∙∙∙∙∙∙∙∙▒ ▒▒∙▒(▒
▒∙∙∙∙∙∙∙∙∙∙▒ ▒▒▒∙∙∙∙∙
▒∙∙∙∙∙∙∙∙∙▒▒▒▒▒∙∙∙∙▒∙▒
▒▒∙∙∙∙∙∙∙▒▒▒▒∙∙∙∙∙∙∙∙∙
▒∙∙∙∙∙∙∙∙▒∙∙∙∙∙∙∙∙▒▒∙
▒∙∙∙∙∙∙∙∙∙∙∙∙∙


You could see Dowan (fast).

Vanquished Creatures
  Sigmund (D:2)
  A black bear (D:4)
  2 scorpions (D:4)
  An iguana (D:4)
  2 sleepcaps (D:4)
  Natasha (thrice) (D:2)
  6 adders
  A white imp (D:3)
  2 worms (D:2)
  An orc (D:4)
  5 endoplasms
  5 giant cockroaches
  8 goblins
  6 hobgoblins
  5 jackals
  8 kobolds
  A quokka (D:1)
  5 ball pythons
  2 bats
  2 frilled lizards
  5 rats
72 creatures vanquished.

Vanquished Creatures (collateral kills)
  Duvessa (D:4)
1 creature vanquished.

Grand Total: 73 creatures vanquished

Notes
Turn   | Place    | Note
-------+----------+-------------------------------------------
     0 | D:1      | Zeor the Gargoyle Monk began the quest for the Orb.
     0 | D:1      | Reached XP level 1. HP: 14/14 MP: 1/1
    97 | D:1      | Reached XP level 2. HP: 19/19 MP: 2/2
   426 | D:1      | Reached XP level 3. HP: 22/23 MP: 3/3
   645 | D:2      | Found a faded altar of an unknown god.
   648 | D:2      | Noticed Natasha
   649 | D:2      | Noticed Sigmund
   988 | D:2      | Killed Sigmund
   989 | D:2      | Reached skill level 5 in Maces & Flails
   989 | D:2      | Reached skill level 1 in Armour
   989 | D:2      | Reached XP level 4. HP: 21/29 MP: 4/4
   989 | D:2      | Reached XP level 5. HP: 24/33 MP: 5/5
  1090 | D:2      | Killed Natasha
  1091 | D:2      | Reached XP level 6. HP: 37/38 MP: 6/6
  1123 | D:2      | Noticed Natasha
  1133 | D:2      | Killed Natasha
  1180 | D:2      | Noticed Natasha
  1188 | D:2      | Killed Natasha
  1906 | D:3      | bad decisions detected
  2348 | D:4      | Reached skill level 6 in Maces & Flails
  2351 | D:4      | Identified a scroll of acquirement
  2351 | D:4      | Acquired the +0 pair of fencer's gloves {Riposte Dex+3}
  2351 | D:4      | Found the +0 pair of fencer's gloves {Riposte Dex+3}
  2475 | D:4      | Noticed a black bear
  2479 | D:4      | Reached XP level 7. HP: 44/44 MP: 7/7
  2484 | D:4      | Reached skill level 1 in Stealth
  3126 | D:4      | Noticed Dowan
  3127 | D:4      | Noticed Duvessa
  3147 | D:4      | Killed Duvessa
  3148 | D:4      | Reached skill level 7 in Maces & Flails
  3149 | D:4      | HP: 2/44 [Dowan/shard of ice (8)]
  3149 | D:4      | Killed from afar by Dowan

Illustrated notes

▒∙▒▒▒▒▒▒▒▒▒▒▒▒▒▒∙▒▒▒▒▒▒▒▒▒▒▒▒∙∙▒
▒∙∙∙∙∙∙∙∙∙∙∙∙∙∙▒∙∙∙∙∙∙∙∙∙∙∙∙∙∙∙▒
▒∙▒▒∙▒▒▒▒▒▒▒▒▒∙▒▒▒▒▒▒▒∙∙∙∙∙∙∙∙▒
▒∙▒∙∙∙∙∙∙∙∙∙∙▒∙▒ ▒∙∙∙∙∙∙∙∙▒
▒∙▒∙∙▒▒▒▒▒▒▒∙▒∙▒ ▒∙∙∙∙∙∙∙∙▒
▒∙▒∙∙∙∙▒ ▒∙▒∙▒ ▒▒▒▒▒▒'▒▒▒▒▒
▒∙▒∙▒▒∙▒ ▒∙▒∙▒ ▒∙∙∙∙∙∙▒
▒∙▒∙▒▒∙▒▒▒▒▒∙▒∙▒▒▒▒▒∙∙∙∙∙▒▒▒▒▒▒▒▒
▒∙▒∙∙∙∙∙∙∙∙∙∙∙∙∙9∙∙∙∙∙∙∙∙∙∙∙∙∙∙∙∙
▒∙▒▒▒▒∙∙∙∙▒▒∙▒∙▒▒▒▒▒∙∙∙∙▒▒▒▒▒▒▒▒▒
▒ ▒▒▒▒∙▒▒∙▒∙▒▒▒▒▒∙∙▒▒▒ ▒
▒∙▒▒∙▒∙▒▒∙∙∙∙▒▒ ▒ ▒∙∙∙∙▒∙∙∙∙▒▒▒▒
▒ ▒∙▒▒▒▒▒▒▒▒∙∙∙∙∙▒▒▒▒ ▒
▒∙▒▒∙∙∙∙∙∙∙∙∙∙>▒ ▒
▒∙▒▒∙∙∙∙<∙∙▒∙▒▒▒ ▒ ▒∙▒∙∙∙∙∙∙▒∙▒∙▒
▒


Turn 1906 on D:3: bad decisions detected

Levels and vault maps discovered:
D:1:      tarquinn_simple_flora_water_a, layout_rooms, minmay_misc_feat_pillars,
          solitary_fountain, minmay_misc_feat_tiny
D:2:      layout_rooms, ebering_ecumenical_altar_ruins,
          kennysheep_generic_room_13, uniq_natasha, uniq_sigmund
D:3:      layout_basic, saegor_snake_ambush
D:4:      layout_cave_pods, serial_glass, glass_columns_a, glass_columns_a,
          hellmonk_no_cap, uniq_duvessa

Skill      XL: |  1  2  3  4  5  6  7 |
---------------+----------------------+-----
Fighting       | 4 |  4.5
Maces & Flails | 5 6 7 |  7.1
Armour         | 1 2 3 |  3.1
Dodging        | 3 |  3.1
Stealth        | 1 |  1.1
Spellcasting   | |  0.7

Action                     |  1- 3 |  4- 6 |  7- 9 || total
---------------------------+-------+-------+-------++-------
  Melee: Mace              |    82 |    55 |    34 ||   171
  Evoke: Wand              |       |       |     1 ||     1
    Use: Scroll            |     3 |    10 |     5 ||    18
         Potion            |     4 |       |     1 ||     5
   Stab: Distracted        |       |       |     1 ||     1
 Armour: Robe              |    15 |       |       ||    15
         Ring mail         |    11 |    15 |     1 ||    27
         Leather armour    |       |       |     6 ||     6
  Dodge: Dodged            |    55 |    23 |    16 ||    94
Riposte: Mace              |       |     1 |     4 ||     5
